[Event "XTX Markets London Classic-Elite 2024"]
[Site "London"]
[Date "2024.11.29"]
[Round "1.1"]
[White "Vitiugov, Nikita"]
[Black "Ju, Wenjun"]
[Result "1-0"]
[WhiteElo "2668"]
[BlackElo "2563"]
[Annotator "TA"]
[PlyCount "117"]
[EventDate "2024.??.??"]
[TimeControl "60"]

1. e4 c5 2. Nf3 Nc6 3. Bb5 d6 4. O-O Bd7 5. Re1 Nf6 6. c3 a6 7. Bf1 e5 8. h3 {[%emt 0:01:04] 8.d4 gains popularity.} Be7 9. d4 cxd4 {[%emt 0:00:05] B51: Sicilian: Moscow Variation (3 Bb5+) without 3...Bd7.} 10. cxd4 exd4 11. Nxd4 d5 12. exd5 Nxd5 13. Bc4 Nb6 14. Bb3 O-O 15. Nc3 Nxd4 $146 ({Predecessor:} 15... Bf6 16. Nxc6 Bxc6 17. Qh5 Qd3 18. Be3 Bxc3 19. bxc3 Nd7 20. Bd4 Qg6 21. Qxg6 hxg6 {½-½ Grebnev,A (2550)-Vetokhin,S (2444) RUS-ch U20 Ekaterinburg 2024 (4)}) ({RR} 15... Bf6 16. Nxc6 Bxc6 17. Qh5 Qd3 18. Be3 Bxc3 19. bxc3 Nd7 20. Bd4 Qg6 21. Qxg6 hxg6 22. Re7 Nf6 23. h4 Rad8 24. f3 Nd5 25. Re5 Rfe8 26. Rae1 Rxe5 27. Rxe5 Nc7 28. Kf2 Nb5 29. Re7 Nxd4 30. cxd4 {Grebnev,A (2550)-Vetokhin,S (2444) Yekaterinburg RUS 2024 ½-½ (41)}) ({RR} 15... Bf6 16. Nxc6 Bxc6 17. Qh5 Qd3 18. Be3 Bxc3 19. bxc3 Nd7 20. Bd4 Qg6 21. Qxg6 hxg6 22. Re7 Nf6 23. h4 Rad8 24. f3 Nd5 25. Re5 Rfe8 26. Rae1 Rxe5 27. Rxe5 Nc7 28. Kf2 Nb5 29. Re7 Nxd4 30. cxd4 {Grebnev,A (2550)-Vetokhin,S (2444) Yekaterinburg RUS 2024 ½-½ (41)}) 16. Qxd4 Bf6 17. Qf4 Bc6 18. Rd1 Qe7 19. Be3 Be5 20. Qf5 g6 21. Qg4 Bc7 22. Bf4 Bxf4 23. Qxf4 Rad8 24. h4 Nd7 25. Nd5 Qe5 (25... Bxd5 {simplifies} 26. Bxd5 b5 27. Rac1 Nf6) 26. Qb4 Nf6 27. Re1 Qd6 28. Ne7+ Kg7 29. Qc3 Qf4 30. Nxc6 bxc6 31. g3 (31. Qxc6 Qxh4 32. g3 Qh5 $11) 31... Qd2 32. Rac1 a5 33. Red1 (33. Qxc6 $2 Rc8 34. Rf1 Rxc6 $19 (34... Qxb2 35. Qxc8 Rxc8 36. Rxc8 $14)) 33... Qxc3 34. Rxc3 Rxd1+ 35. Bxd1 Rd8 36. Bb3 Rd6 37. Rc5 Ne4 (37... Rd2 38. Rxc6 (38. Rxa5 Rxb2 39. Ra7 Nd5 $16) 38... Rxb2 (38... Ne4 39. Rc2 $16) 39. Rc7 $16) (37... Ng4 $14) 38. Rxa5 $16 Rd2 39. Ra7 Rxf2 40. Re7 Re2 41. Rxf7+ (41. Bc4 $1 $18 Re1+ 42. Kg2) 41... Kh6 $14 42. g4 (42. Re7 $6 Re3 $11) 42... g5 43. h5 $1 Rxb2 (43... Nc5 $16 {was called for.}) 44. Be6 $1 $18 Nc3 45. Bc4 ({White should try} 45. Kf1 $18 {Threatening mate with Bf5.} Ne4 46. Kg1) 45... Rb1+ {[%emt 0:00:00] [#]} (45... Rd2 $16) 46. Kf2 $1 $18 Ne4+ $2 (46... Rd1 47. Rf6+ Kg7 48. Rxc6 Ne4+ 49. Ke3 Nf6 50. h6+ Kg6) 47. Ke3 Re1+ 48. Kd4 c5+ 49. Kd5 Rd1+ 50. Ke5 (50. Kxe4 Rd4+ 51. Kf3 Rxc4 $14) 50... Re1 51. Kd5 Rd1+ $1 52. Kc6 (52. Kxe4 Rd4+ 53. Kf3 Rxc4 $16) 52... Rd6+ (52... Rd4 {is a better defense.}) 53. Kc7 $18 Rd4 54. Bb3 Rd2 $2 (54... Rb4 55. Be6 Ng3 56. Rf6+ Kg7) 55. Be6 $18 Nd6 56. Rd7 Nb5+ {[%emt 0:00:26] [#]} (56... Ne8+ $18 57. Kc6 Rxd7 58. Kxd7 (58. Bxd7 c4 $11) 58... Nf6+ 59. Kd6 c4) 57. Kb6 $1 Rxd7 58. Bxd7 Nc3 59. a4 ({Less strong is} 59. Kxc5 Nxa2 60. Kd4 Nc1 $11) 1-0

[Event "XTX Markets London Classic-Elite 2024"]
[Site "London"]
[Date "2024.11.29"]
[Round "1.2"]
[White "Mamedyarov, Shakhriyar"]
[Black "Vidit, Santosh Gujrathi"]
[Result "1/2-1/2"]
[WhiteElo "2738"]
[BlackElo "2739"]
[Annotator "TA"]
[PlyCount "60"]
[EventDate "2024.??.??"]
[TimeControl "60"]

1. d4 Nf6 2. Bg5 d5 3. e3 c6 4. Bd3 Bg4 5. Ne2 ({RR} 5. f3 Bh5 6. Nd2 Nbd7 7. c4 Bg6 8. Qc2 e5 9. cxd5 cxd5 10. dxe5 Bxd3 11. Qxd3 Nxe5 12. Qb3 Be7 13. Ne2 O-O 14. O-O h6 15. Bh4 Ng6 16. Bf2 Qa5 17. Rad1 Bc5 18. Qc2 Qb6 19. Qc3 Rfe8 {Nakamura,H (2788)-Yu Yangyi (2720) chess.com INT 2024 1-0 (60)}) ({RR} 5. f3 Bh5 6. c3 e6 7. Ne2 Bg6 8. e4 Be7 9. e5 Nfd7 10. Bxe7 Qxe7 11. O-O c5 12. a3 Nc6 13. f4 Bh5 14. Qd2 Bxe2 15. Bxe2 Qd8 16. b4 cxd4 17. cxd4 Qb6 18. Rd1 O-O 19. Nc3 Rac8 {Terry,R (2522)-Ashraf,A (2399) chess.com INT 2024 0-1 (44)}) 5... Nbd7 6. h3 Bxe2 $146 ({RR} 6... Bh5 7. Bf4 e6 8. c4 Bb4+ 9. Nbc3 dxc4 10. Bxc4 Nb6 11. Qb3 Nfd5 12. Bxd5 Nxd5 13. e4 Bxc3+ 14. bxc3 Bxe2 15. exd5 Ba6 16. dxe6 O-O 17. exf7+ {½-½ (17) Vavra,P (2371)-Jansa,V (2458) Bayern 2018}) ({RR} 6... Bh5 7. Bf4 e6 8. c3 Be7 9. Qb3 Qc8 10. c4 O-O 11. Nbc3 a5 12. O-O a4 13. Qc2 dxc4 14. Bxc4 b5 15. Bd3 Bg6 16. Bxg6 hxg6 17. Rac1 Qb7 18. Ne4 Nxe4 19. Qxe4 Rfc8 20. Qf3 Nb6 21. Nc3 {Terry,R (2520)-Dominguez Perez,L (2743) Berlin GER 2023 ½-½ (107)}) 7. Qxe2 e5 8. c3 h6 9. Bh4 e4 10. Bc2 Qb6 11. b3 Bd6 12. O-O O-O (12... g5 $5 13. Bg3 $8 Bxg3 14. fxg3 g4 $11) 13. c4 dxc4 14. Nd2 ({But not} 14. bxc4 Qb2 15. c5 Be7 (15... Qxa1 16. cxd6 Qb2 17. Qd2 $17) 16. Bxf6 Bxf6 $19 (16... Nxf6 17. Qd2 $11)) 14... cxb3 15. Nxe4 Nxe4 16. Bxe4 Rfe8 17. Qg4 Be7 18. Bf5 b2 19. Rab1 {[%emt 0:00:16] Some like it hot} Bxh4 20. Bxd7 Re7 21. Qxh4 Rxd7 22. Qg4 Rad8 23. Qe2 c5 24. Rxb2 Qd6 25. dxc5 Qxc5 26. Rc2 Qe5 27. Rfc1 g6 28. h4 h5 29. g3 Kg7 30. Kg2 b6 {[%emt 0:00:49] A rather calm draw. Weighted Error Value: White=0.06 (flawless) /Black=0.06 (flawless) . Inaccurate: 	White=2 	Black=2 OK: 	White=13 	Black=9 Best: 	White=1 	---} 1/2-1/2

[Event "XTX Markets London Classic-Elite 2024"]
[Site "London"]
[Date "2024.11.29"]
[Round "1.3"]
[White "Hong, Andrew"]
[Black "Royal, Shreyas"]
[Result "1/2-1/2"]
[WhiteElo "2572"]
[BlackElo "2520"]
[Annotator "RC"]
[PlyCount "132"]
[EventDate "2024.??.??"]
[TimeControl "60"]

1. e4 c6 2. Nf3 d5 3. d3 dxe4 4. dxe4 Qxd1+ 5. Kxd1 Nf6 6. Nbd2 Nbd7 7. Ne1 Nc5 8. f3 e5 9. Nc4 Nfd7 10. a4 a5 11. Be3 f6 12. h4 ({RR} 12. g3 Kd8 13. Bh3 Kc7 14. Nd3 b6 15. Re1 Ba6 16. Nxb6 Kxb6 17. Bxd7 Rd8 18. b4 Bxd3 19. bxc5+ Bxc5 20. cxd3 Bxe3 21. Rb1+ Kc7 22. Bxc6 Rxd3+ 23. Ke2 Rc3 24. Bd5 Kd6 25. Red1 Bd4 26. Rd3 Rhc8 {Navara,D (2689)-Saric,I (2647) Czech Republic CZE 2024 ½-½}) 12... h5 $146 ({RR} 12... Kd8 13. h5 Kc7 14. g3 Be7 15. h6 g6 16. Nd3 Rd8 17. Kc1 Nxd3+ 18. Bxd3 Nc5 19. Be2 Be6 20. b3 b6 21. Kb2 Nd7 22. f4 Bc5 23. Bxc5 Nxc5 24. fxe5 fxe5 25. Nxe5 Rd2 26. Bc4 Re8 27. Rhf1 {Predke,A (2676)-Ivanisevic,I (2593) Moscow 2019 1-0 (38)}) 13. Nd3 Be7 14. g3 Kf7 15. Bh3 Rd8 16. Ke2 Nxd3 17. cxd3 Ra6 18. Rac1 Nf8 19. Bxc8 Rxc8 20. f4 Nd7 21. Rhf1 Ke6 22. d4 exd4 23. Bxd4 b5 24. f5+ Kf7 25. e5 bxc4 26. e6+ Ke8 27. exd7+ Kxd7 28. Rxc4 Rb8 29. Rd1 Kc7 30. Kd3 Bd6 31. Rg1 Be5 32. Bxe5+ fxe5 33. g4 hxg4 34. Rgxg4 Rxb2 35. Ke4 Re2+ 36. Kf3 Re1 37. Kf2 Rb1 38. Rxg7+ Kd6 39. Rc2 Kd5 40. Rd2+ Ke4 41. f6 c5 42. Re2+ Kf5 43. Rg5+ Kxf6 44. Rexe5 Rb4 45. Ref5+ Ke7 46. Rg7+ Ke8 47. Rxc5 Kf8 48. Rd7 Rf6+ 49. Kg3 Rg6+ 50. Kf3 Rf6+ 51. Ke3 Re6+ 52. Kd3 Rxa4 53. h5 Ra1 54. Ra7 Rd1+ 55. Kc2 Rdd6 56. Rc8+ Re8 57. Rcc7 Rh6 58. Rxa5 Kg8 59. Rd5 Kh8 60. Kd3 Rhe6 61. Rf5 Re5 62. Rcf7 Rxf5 63. Rxf5 Kh7 64. Kd4 Kh6 65. Re5 Rxe5 66. Kxe5 Kxh5 1/2-1/2

[Event "XTX Markets London Classic-Elite 2024"]
[Site "London"]
[Date "2024.11.29"]
[Round "1.4"]
[White "Jones, Gawain C B"]
[Black "Adams, Michael"]
[Result "1-0"]
[WhiteElo "2639"]
[BlackElo "2662"]
[Annotator "TA"]
[PlyCount "81"]
[EventDate "2024.??.??"]
[TimeControl "60"]

1. e4 e5 2. Nf3 Nc6 3. Bc4 Nf6 4. d4 exd4 5. e5 Ne4 6. Qe2 Nc5 7. c3 d3 8. Qe3 Be7 9. b4 {[%emt 0:00:26] The position is equal.} Ne6 10. O-O d6 11. exd6 Bxd6 ({RR} 11... cxd6 12. Qxd3 O-O 13. Nbd2 a5 14. Rb1 axb4 15. cxb4 Nxb4 16. Rxb4 d5 17. Rb2 dxc4 18. Qxd8 Nxd8 19. Nxc4 Be6 20. Re1 Bf6 21. Nce5 Re8 22. Ree2 Rc8 23. Rbc2 Rxc2 24. Rxc2 Bf5 25. Rd2 Ne6 26. h3 {Vitiugov,N (2719)-Wang,H (2730) St Petersburg 2018 0-1 (41)}) 12. Nbd2 O-O 13. Ne4 Bf4 $1 14. Qe1 $146 (14. Qxd3 {simplifies} Qxd3 15. Bxd3 Bxc1 16. Rfxc1 Nf4 17. Bf1) ({RR} 14. Qxd3 Qxd3 15. Bxd3 Bxc1 16. Rfxc1 Nf4 17. Bf1 b6 18. g3 Ne6 19. Bg2 Bb7 20. Neg5 Nxg5 21. Nxg5 Rad8 22. Rd1 Rfe8 23. h4 h6 24. Nh3 Rxd1+ 25. Rxd1 Rd8 26. Rxd8+ Nxd8 27. Nf4 Kf8 28. Bxb7 Nxb7 {Poysti,N (2117)-Blagojevic,D (2486) Veliko Gradiste 2018 ½-½ (37)}) ({RR} 14. Qxd3 Qxd3 15. Bxd3 Bxc1 16. Rfxc1 Nf4 17. Bf1 Bg4 18. Nd4 Nxd4 19. cxd4 Rac8 20. Nc5 b6 21. Nd3 Nxd3 {½-½ (21) Lucas,A (2359)-Demuth,A (2484) Chartres FRA 2023}) 14... Bxc1 15. Qxc1 d2 16. Qc2 (16. Nfxd2 Ne5 $15) (16. Nexd2 $14 Nf4 17. Ne4) 16... Nf4 $11 17. Rfd1 Bf5 {[%emt 0:02:23] ...Re8 is the strong threat.} 18. Qxd2 Qxd2 19. Nexd2 Rfe8 20. g3 Ng6 21. Bd5 Nge7 22. Bb3 h6 23. Nc4 Ng6 24. Ba4 Bg4 25. Bxc6 bxc6 26. Kg2 c5 27. Ne3 Bxf3+ 28. Kxf3 cxb4 29. cxb4 c6 30. a4 a5 31. b5 Rab8 32. bxc6 Ne5+ 33. Kg2 Nxc6 34. Rac1 Re6 35. Rc5 Rb2 $1 36. Nd5 $36 {[%emt 0:02:14][%cal Oc5c6][%mdl 2048] Black must now prevent Rxc6! White is more active.} Nb4 37. Nf4 {[%emt 0:04:48] Prevents Ree2.} (37. Rxa5 Ree2 38. Nxb4 Rxf2+ 39. Kg1 Rg2+ 40. Kf1 Rxh2 (40... Rbf2+ 41. Ke1 $11) 41. Rd8+ Kh7 $11) 37... Ra6 $2 {[%emt 0:00:38][%mdl 8192] Black cannot hold the game after this.} (37... Rc6 $1 $11 38. Rd8+ (38. Rxa5 Rcc2 $11) 38... Kh7) 38. Rc8+ Kh7 39. Rd7 Rc6 $2 {[%emt 0:00:06] [#]} (39... Nc6 {was called for.} 40. h4 (40. Rxf7 Ne5 $18) 40... Rb8 41. Rxb8 Nxb8 42. Rxf7 Rd6) 40. Rf8 $1 $18 {[%emt 0:02:39][%cal Od7d8] And now Rdd8! would win.} Rf6 {[%emt 0:02:35] [#]} ({Inferior is} 40... Rcc2 41. Rfxf7 (41. Nh3 Rd2 $16) 41... Rxf2+ 42. Kg1 Rxf4 43. Rxg7+ (43. Rxf4 h5 $18) (43. gxf4 Kg6 $18) 43... Kh8 44. gxf4) 41. Rdd8 $1 {[%emt 0:32:27] Weighted Error Value: White=0.11 (very precise) /Black=0.24 (precise) . Loses game: 	--- 	Black=1 Mistake: 	White=1 	Black=2 Inaccurate: 	White=4 	Black=2 OK: 	White=15 	Black=15 Best: 	White=1 	Black=3 Strong: 	White=2 	Black=2} ({Not} 41. Rfxf7 Rxf7 42. Rxf7 Nc2 $16) (41. Rdxf7 Nd5 $16) 1-0

[Event "XTX Markets London Classic-Elite 2024"]
[Site "London"]
[Date "2024.11.30"]
[Round "2.1"]
[White "Ju, Wenjun"]
[Black "Adams, Michael"]
[Result "1/2-1/2"]
[WhiteElo "2563"]
[BlackElo "2662"]
[Annotator "TA"]
[PlyCount "78"]
[EventDate "2024.??.??"]
[TimeControl "60"]

1. d4 Nf6 2. c4 e6 3. Nc3 Bb4 4. e3 O-O 5. Bd3 Re8 6. Nge2 d5 7. O-O Bf8 8. b3 ({RR} 8. Qc2 a6 9. b3 Nbd7 10. Bb2 b6 11. Rfd1 Bb7 12. Ng3 c5 13. cxd5 exd5 14. dxc5 bxc5 15. Nce2 Ne5 16. Nf4 g6 17. Be2 Rc8 18. Rac1 Qb6 19. Qd2 h5 20. h4 Bh6 21. b4 c4 22. Bd4 Qd6 {Sarana,A (2713)-Niemann,H (2733) chess.com INT 2024 0-1 (59)}) 8... b6 ({RR} 8... Nbd7 9. e4 dxe4 10. Nxe4 Nxe4 11. Bxe4 e5 12. dxe5 Nxe5 13. Qxd8 Rxd8 14. Bf4 Re8 15. Ng3 c6 16. Rfe1 Ng6 17. Bxg6 Rxe1+ 18. Rxe1 fxg6 19. Re8 Kf7 20. Rd8 Be7 21. Rh8 b6 22. Ne4 h6 23. Kf1 {Lobanov,S (2506)-Kozionov,K (2449) Sochi RUS 2024 1-0 (39)}) 9. Bb2 Bb7 10. Nf4 $146 ({RR} 10. Rc1 Nbd7 11. cxd5 exd5 12. Nf4 c5 13. Qf3 Nb8 14. Rfd1 cxd4 15. exd4 a6 16. Bc4 b5 17. Nfxd5 bxc4 18. Nxf6+ Qxf6 19. Qxb7 Nc6 20. Re1 Ra7 21. Rxe8 Rxb7 22. Ba3 Rb8 23. Rce1 Rxe8 24. Rxe8 h6 {Bouah,L (2118)-February,J (1899) Pretoria 2018 0-1}) 10... a6 11. Qf3 Nbd7 12. Rfd1 {[%emt 0:19:20] The position is equal.} c6 13. Nh5 (13. Rac1 {feels hotter.} Bd6 14. Nh5 b5 15. Nxf6+ Nxf6 16. Qh3) 13... Nxh5 14. Qxh5 {[%emt 0:00:03][%csl Gd3][%cal Rh5h7] [#]} g6 15. Qe2 Bg7 16. Rac1 b5 17. a4 b4 18. Nb1 a5 19. Nd2 Nc5 20. Bc2 Ba6 21. Ba1 Nd7 22. Bd3 Rc8 23. Nf3 Qb6 24. h3 Qb7 25. Ne1 dxc4 26. Bxc4 Bxc4 27. Rxc4 c5 28. dxc5 Bxa1 29. Rxa1 Rxc5 30. Rac1 Rec8 31. Nf3 Rxc4 32. Rxc4 Rc5 33. Rxc5 Nxc5 $11 {[%emt 0:00:03][%mdl 4096] Endgame. KQN-KQN} 34. Qc4 Qc6 35. Kh2 Qd6+ 36. g3 Qd1 37. Nd4 Qd2 38. Qxc5 Qxf2+ 39. Kh1 Qf1+ {[%emt 0:00:10] An interesting draw. Weighted Error Value: White=0.04 (flawless) /Black=0.02 (flawless) . Inaccurate: 	--- 	Black=1 OK: 	White=13 	Black=19 Best: 	White=1 	---} 1/2-1/2

[Event "XTX Markets London Classic-Elite 2024"]
[Site "London"]
[Date "2024.11.30"]
[Round "2.2"]
[White "Royal, Shreyas"]
[Black "Jones, Gawain C B"]
[Result "0-1"]
[WhiteElo "2520"]
[BlackElo "2639"]
[Annotator "TA"]
[PlyCount "160"]
[EventDate "2024.??.??"]
[TimeControl "60"]

1. d4 Nf6 2. c4 d6 3. Nf3 g6 4. Nc3 Bg7 5. e4 O-O 6. Be2 e5 7. O-O h6 8. Re1 {[%emt 0:07:24] 8.Re1 is better than 8.dxe5.} Nbd7 9. Qc2 {[%emt 0:00:41] E95: King's Indian: Classical: 7...Nbd7 8 Re1.} Re8 10. dxe5 ({RR} 10. d5 a5 11. Be3 Ng4 12. Bd2 Nc5 13. h3 Nf6 14. Be3 Bd7 15. a3 a4 16. Bxc5 dxc5 17. Rad1 Qe7 18. Nh2 Red8 19. Ng4 Ne8 20. Ne3 h5 21. Nb5 Ra6 22. Rd3 Bh6 23. d6 cxd6 24. Nd5 Qf8 {Nguyen,T (2656)-Niemann,H (2698) Almaty KAZ 2022 0-1 (46)}) ({RR} 10. d5 a5 11. a3 Nc5 12. b3 a4 13. b4 Nb3 14. Ra2 Nd4 15. Qd1 Nxe2+ 16. Raxe2 Bd7 17. h3 Nh5 18. b5 Nf4 19. Bxf4 exf4 20. e5 Bf5 21. Qd2 dxe5 22. Nxe5 Qd6 23. Qxf4 Qxa3 24. Nb1 Qb4 {Sahil,T (2186)-Golubev,M (2461) chess.com INT 2024 0-1 (33)}) 10... Nxe5 $146 {[%emt 0:00:43][%mdl 8] A relevant novelty.} ({Predecessor:} 10... dxe5 11. Be3 c6 12. Na4 Qe7 13. c5 Nf8 14. Rad1 Bg4 15. b4 Bxf3 16. Bxf3 Ne6 {1-0 Yilmaz,M (2650)-Kadric,D (2584) EU-chT 24th Budva 2023 (3.2)}) ({RR} 10... dxe5 11. Be3 c6 12. Rad1 Qc7 13. h3 Nh5 14. c5 Nf4 15. Bc4 Nf8 16. Rd6 Be6 17. Bf1 Nd7 18. b4 Bf8 19. Rd2 a5 20. a3 axb4 21. axb4 Ra3 22. Qc1 Rea8 23. Nb1 Ra1 24. Rb2 Be7 25. Kh2 {Budisavljevic,L (2502)-Kavutskiy,K (2393) Saint Louis USA 2023 1-0 (46)}) ({RR} 10... dxe5 11. Be3 c6 12. Na4 Qe7 13. c5 Nf8 14. Rad1 Bg4 15. b4 Bxf3 16. Bxf3 Ne6 17. Nb2 h5 18. Nc4 Ng4 19. Bxg4 hxg4 20. Nd6 Rf8 21. Qe2 f5 22. Bc1 a5 23. b5 Kh7 24. bxc6 bxc6 25. Bb2 {Yilmaz,M (2650)-Kadric,D (2584) Budva MNE 2023 1-0 (34)}) 11. Nxe5 dxe5 12. Rd1 Bd7 13. Nd5 Nh7 14. Be3 Nf8 15. Qd2 c6 16. Nc3 h5 17. Qd6 Bf6 18. Na4 b6 19. b4 Bg5 20. c5 Bxe3 21. fxe3 Qg5 22. Qd2 Red8 23. Bf3 b5 24. Nc3 a5 25. a3 axb4 26. axb4 Bg4 27. Qf2 Rxa1 28. Rxa1 Rd3 29. Nd1 Be6 30. h4 Qd8 31. Qg3 Bb3 32. Nf2 Rxe3 33. Qxe5 Ba4 34. Qf4 Qd4 35. Rc1 Rd3 36. Qd6 Qxd6 37. cxd6 Rxd6 38. e5 Rd4 39. Rxc6 Rxb4 40. Ne4 Bb3 41. Nf6+ Kg7 42. Rb6 Be6 43. Bc6 Rxh4 44. Rxb5 Rc4 45. Bf3 Nd7 46. Nxd7 Bxd7 47. Ra5 Be6 48. Kf2 Rc2+ 49. Ke3 Kh6 50. Kd3 (50. g3 $142) 50... Rb2 51. Kc3 (51. g3 $142) 51... Rf2 $19 52. Kd4 h4 53. Ke3 Rb2 54. Ra4 Kg5 55. Be2 Rb3+ 56. Kf2 Rc3 57. Re4 Ra3 58. Rb4 Ra5 59. Bb5 Ra2+ 60. Be2 Bd5 61. Rd4 Bb7 (61... Bxg2 62. Rg4+ Kf5 63. Rxg2 $11) 62. Ke3 Bc8 (62... Bxg2 63. Rg4+ Kf5 64. Rxg2 Kxe5 65. Rg4 $11) 63. Rb4 Ra5 64. Bb5 Bb7 65. Rb2 $2 (65. e6 fxe6 66. Be2 Re5+ (66... Bxg2 67. Rg4+ Kf6 68. Rxg2 $11) 67. Kf2) 65... Ba8 $19 66. Kf2 Kf5 67. Bc4 {[%emt 0:00:08] [#]} Bd5 $1 (67... Kxe5 68. Bxf7 Kf6 69. Be8 $11) 68. Bxd5 (68. Bf1 $142 g5 (68... Kxe5 $2 69. g3 $19) 69. g3 hxg3+ (69... Kxe5 $2 70. gxh4 gxh4 71. Rb8 $19) 70. Kxg3 Ra3+ (70... Kxe5 $2 71. Re2+ Be4 72. Bg2 $19) 71. Kf2) 68... Rxd5 $19 69. Rb7 Ke6 (69... Kxe5 70. Rxf7 Rb5 71. Kg1 $11) 70. Kf3 Rxe5 71. Rb4 g5 72. Kg4 f6 73. Rb2 Re4+ 74. Kh5 Kf5 75. Rb5+ Re5 (75... Kf4 $142 76. Rb6 Kg3 77. Rxf6 Re5 (77... Kxg2 $2 78. Kxg5 h3 79. Rg6 $19) 78. Rc6 g4+ (78... Kxg2 $2 79. Kg4 $19) 79. Kg6 Kxg2 80. Kf6 Ra5 81. Ke6 g3 82. Ke7 Kh2 83. Kf6 h3 84. Kf7 g2 85. Re6 g1=Q (85... g1=B $2 86. Rf6 $19) 86. Re4 Kg3 87. Kf6 h2 88. Re8 Qd4+ (88... h1=R {gets mated.} 89. Rg8+ Kf4 90. Rxg1 Ra6+ 91. Kf7 Rxg1 92. Ke8 Rg7 93. Kf8 Rc7 94. Kg8 Ra8#) 89. Kf7 Rf5+ (89... h1=R {leads to mate.} 90. Rg8+ Kf3 91. Rg7 Qd7+ 92. Kf6 Rh6+ 93. Rg6 Rf5#) 90. Ke7 Re5+ (90... h1=Q 91. Rg8+ Kf4 92. Rg4+ Kxg4 93. Ke8 Qhe4#) 91. Kf7 Qf4+ (91... h1=R {is a self mate.} 92. Rg8+ Kf2 93. Rg5 Rh7+ 94. Kg6 Qe4+ 95. Kf6 Re6#) 92. Kg8 Rg5+ 93. Kh8 h1=Q#) 76. Rb3 Re2 77. Rf3+ Ke4 78. Rxf6 Rxg2 79. Re6+ Kf4 80. Rf6+ Ke5 0-1

[Event "XTX Markets London Classic-Elite 2024"]
[Site "London"]
[Date "2024.11.30"]
[Round "2.3"]
[White "Vidit, Santosh Gujrathi"]
[Black "Hong, Andrew"]
[Result "1-0"]
[WhiteElo "2739"]
[BlackElo "2572"]
[Annotator "RC"]
[PlyCount "115"]
[EventDate "2024.??.??"]
[TimeControl "60"]

1. c4 e5 2. d3 Nc6 3. g3 g6 4. Bg2 Bg7 5. Nc3 d6 6. Rb1 a5 7. a3 h5 $146 ({RR} 7... Be6 8. b4 axb4 9. axb4 Qd7 10. e3 Nge7 11. Nd5 Bxd5 12. cxd5 Na7 13. Bb2 Nb5 14. Ne2 O-O 15. O-O f5 16. f4 Ra2 17. Qb3 Rfa8 18. fxe5 Bxe5 19. d4 Bg7 20. Nf4 Bh6 21. e4 fxe4 22. Bxe4 {Gupta,S (2429)-Rastbod,A (2321) Chess.com INT 2020 1-0 (31)}) ({RR} 7... Be6 8. b4 axb4 9. axb4 Qd7 10. b5 Nd8 11. h4 Nf6 12. Bg5 h6 13. Bxf6 Bxf6 14. Nd5 Bg7 15. h5 g5 16. b6 Bxd5 17. cxd5 O-O 18. bxc7 Qxc7 19. g4 f5 20. gxf5 Rxf5 21. Be4 Qc3+ 22. Kf1 {Wagner,D (2611)-Erzhanov,A (2156) chess.com INT 2024 0-1 (41)}) 8. Nf3 Nd4 9. Nxd4 exd4 10. Ne4 h4 11. O-O hxg3 12. hxg3 Bg4 13. Re1 Qc8 14. b4 Kf8 15. Qb3 a4 16. Qc2 Qf5 17. f3 Bh3 18. e3 Ne7 19. g4 Qd7 20. Bb2 d5 21. Nc5 Qc6 22. Bxd4 Bxd4 23. exd4 b6 24. Qe2 Qd6 25. Qe5 Qxe5 26. Nd7+ Kg7 27. Rxe5 Nc6 28. Rxd5 Bxg2 29. Kxg2 Rae8 30. b5 Re2+ 31. Kg3 Nd8 32. Re5 Ra2 33. d5 Rxa3 34. d4 Nb7 35. Re7 g5 36. c5 Ra2 37. Re5 f6 38. Re7+ Kg6 39. Rbe1 Nd8 40. Re8 Rxe8 41. Rxe8 Kf7 42. Rxd8 Ke7 43. Rh8 Kxd7 44. d6 bxc5 45. dxc5 cxd6 46. c6+ Kc7 47. Rh7+ Kb6 48. Rb7+ Ka5 49. c7 Rc2 50. b6 a3 51. Rb8 a2 52. c8=Q a1=Q 53. Ra8+ Kb4 54. Qxc2 Qg1+ 55. Qg2 Qc1 56. b7 Qe1+ 57. Qf2 Qe5+ 58. Kg2 1-0

[Event "XTX Markets London Classic-Elite 2024"]
[Site "London"]
[Date "2024.11.30"]
[Round "2.4"]
[White "Vitiugov, Nikita"]
[Black "Mamedyarov, Shakhriyar"]
[Result "1/2-1/2"]
[WhiteElo "2668"]
[BlackElo "2738"]
[Annotator "TA"]
[PlyCount "47"]
[EventDate "2024.??.??"]
[TimeControl "60"]

1. d4 d5 2. c4 dxc4 3. Nf3 Nf6 4. e3 e6 5. Bxc4 c5 6. O-O Nc6 7. Qe2 a6 8. dxc5 Bxc5 9. e4 b5 10. Bb3 Bb7 11. Nc3 Nd4 ({RR} 11... Qb6 12. Bf4 Nd4 13. Nxd4 Bxd4 14. Rad1 O-O 15. Rd3 Bxc3 16. Rxc3 Nxe4 17. Rh3 e5 18. Qh5 Qg6 19. Qxg6 hxg6 20. Bxe5 Nd2 21. Rd1 Nxb3 22. axb3 {½-½ (22) Gozzoli,Y (2602)-Borisek,J (2591) Chess.com INT 2021}) 12. Nxd4 Bxd4 {[%emt 0:00:02] The position is equal.} 13. e5 {[%emt 0:03:59] [#] Black must now prevent Rd1.} Nd5 $1 14. Rd1 $146 ({RR} 14. Nxd5 Bxd5 15. Rd1 Bxb3 16. axb3 Qb6 17. Qg4 Rd8 18. Be3 Bxe3 19. Rxd8+ Kxd8 20. Qxg7 Bxf2+ 21. Kh1 Re8 22. Qxf7 Bd4 23. Rd1 Qc5 24. Qf4 Rf8 25. Qxd4+ Qxd4 26. Rxd4+ Kc7 27. Kg1 Rf5 28. Rd6 Rxe5 {Can,E (2599)-Kacharava,N (2428) Batumi 2019 ½-½ (42)}) 14... Bxc3 15. bxc3 O-O 16. Rd3 Qh4 17. Rg3 {[%emt 0:07:50] [#] Threatens to win with Bxd5.} Nf4 18. Qe3 Ng6 19. Ba3 Rfc8 20. Bd6 Qf4 21. Qe2 Qh4 (21... Qf5 $11) 22. Qe3 ({Better is} 22. f4 $1 $14) 22... Qf4 23. Qe2 Qh4 24. Qe3 {[%emt 0:41:53] A rather calm draw. Weighted Error Value: White=0.04 (flawless) /Black=0.06 (flawless) . Mistake: 	White=1 	Black=1 Inaccurate: 	White=1 	Black=1 OK: 	White=10 	Black=7 Best: 	--- 	Black=2 Strong: 	--- 	Black=1} 1/2-1/2